 Dungeon Crawl Stone Soup version 0.32-a0-653-gee4d739 (webtiles) character file.

Game seed: 13460220950026202189

32093 Xayden the Earth Mage (level 13, -8/82 HPs)
             Began as a Gargoyle Earth Elementalist on Mar 8, 2024.
             Was a High Priest of Sif Muna.
             Mangled by a black mamba (14 damage)
             ... on level 5 of the Lair of Beasts.
             The game lasted 00:27:53 (15234 turns).

Xayden the Earth Mage (GrEE)                       Turns: 15234, Time: 00:27:53

Health: -8/82      AC: 20    Str: 11    XL:     13   Next: 62%
Magic:  17/27      EV: 16    Int: 22    God:    Sif Muna [*****.]
Gold:   340        SH:  0    Dex: 10    Spells: 23/32 levels left

rFire   . . .        a - staff of Xaddask {Fly SInv Stlth+ Conj}
rCold   . . .        (no shield)
rNeg    + . .        C - +0 steam dragon scales
rPois   ∞            k - +0 helmet
rElec   +            N - +2 cloak
rCorr   .            y - +0 pair of gloves
SInv    +            r - +0 pair of boots
Will    .....        s - amulet of the acrobat
Stlth   ++++         f - +4 ring of slaying
HPRegen 0.33/turn    D - +5 ring of evasion
MPRegen 0.20/turn

%: acrobat
@: flying, studying Short Blades
A: sickness immunity, AC +9, negative energy resistance 1, electricity
resistance, torment resistance 1, petrification resistance
a: Renounce Religion, Channel Magic, Forget Spell, Divine Exegesis


You were on level 5 of the Lair of Beasts.
You worshipped Sif Muna.
Sif Muna was extremely pleased with you.
You visited 4 branches of the dungeon, and saw 17 of its levels.

You collected 663 gold pieces.
You spent 323 gold pieces at shops.

Inventory:

Hand Weapons
 F - the +4 flail "Babb" {drain, rPois rF++ Int-3 Stlth+}
   (You took it off an orc warrior on level 7 of the Dungeon)

   Int-3:     It affects your intelligence (-3).
   rF++:      It greatly protects you from fire.
   rPois:     It protects you from poison.
   Stlth+:    It makes you more stealthy.
Armour
 k - a +0 helmet (worn)
 n - a +0 buckler
 r - a +0 pair of boots (worn)
 w - the +5 ring mail of the Jabberwock {rElec rCorr}
   (You found it on level 5 of the Dungeon)

   rElec:     It insulates you from electricity.
   rCorr:     It protects you from acid and corrosion.
 y - a +0 pair of gloves (worn)
 C - +0 steam dragon scales (worn)
 N - a +2 cloak (worn)
Magical Staves
 a - the staff of Xaddask (weapon) {Fly SInv Stlth+ Conj}
   (You found it on level 3 of the Lair of Beasts)

   [staff of conjuration]

   Base accuracy: +5 Base damage: 5 Base attack delay: 1.2 This weapon's minimum
   attack delay (0.6) is reached at skill level 12.
   SInv:      It lets you see invisible.
   Fly:       It grants you flight.
   Stlth+:    It makes you more stealthy.
   Conj:      It increases the power of your Conjurations spells.
   It falls into the 'Staves' category.
   It is a one-handed weapon.
Jewellery
 f - a +4 ring of slaying (left hand)
 s - an amulet of the acrobat (around neck)
 D - a +5 ring of evasion (right hand)
Wands
 L - a wand of acid (9)
 O - a wand of paralysis (5)
 P - a wand of flame (15)
 S - a wand of mindburst (4)
Scrolls
 c - 5 scrolls of teleportation
 d - 3 scrolls of noise {unknown}
 g - 2 scrolls of vulnerability {unknown}
 h - a scroll of brand weapon {unknown}
 l - 3 scrolls of fog {unknown}
 m - 4 scrolls of immolation {unknown}
 o - a scroll of butterflies {unknown}
 t - a scroll of enchant weapon {unknown}
 u - 2 scrolls of blinking {unknown}
 v - 2 scrolls of revelation {unknown}
 x - 2 scrolls of fear {unknown}
 A - 3 scrolls of identify {unknown}
 B - 2 scrolls of amnesia {unknown}
 E - 2 scrolls of silence {unknown}
 I - 2 scrolls of enchant armour
 J - a scroll of poison
 Q - a scroll of acquirement {unknown}
Potions
 b - 3 potions of magic
 e - 3 potions of mutation {unknown}
 i - a potion of resistance {unknown}
 j - 2 potions of lignification {unknown}
 p - a potion of cancellation {unknown}
 q - a potion of attraction {unknown}
 z - 3 potions of heal wounds {unknown}
 G - 4 potions of curing
 H - a potion of ambrosia
 K - 3 potions of haste {unknown}
 M - a potion of enlightenment {unknown}
 R - a potion of invisibility {unknown}
Miscellaneous
 T - a sack of spiders (inert)


   Skills:
 - Level 10.0 Fighting
 - Level 1.5 Dodging
 - Level 6.0 Stealth
 - Level 10.0 Spellcasting
 + Level 10.2 Conjurations
 - Level 15.0 Earth Magic
 - Level 10.0 Invocations


You had 23 spell levels left.
You knew the following spells:

 Your Spells              Type           Power      Damage    Failure   Level
a - Sandblast             Erth           100%       2d20      0%          1
b - Passwall              Erth           67%        N/A       1%          3
c - Stone Arrow           Conj/Erth      100%       3d13      1%          3
q - Blink                 Tloc           22%        N/A       9%          2

Your spell library contained the following spells:

 Spells                   Type           Power      Damage    Failure   Level
 Kiss of Death            Conj/Necr      100%       2d13      1%          1
 Shock                    Conj/Air       100%       1d9       1%          1
 Momentum Strike          Conj/Tloc      100%       3d10      1%          2
 Brom's Barrelling Bould  Conj/Erth      79%        2d9       1%          4
 Petrify                  Alch/Erth      44%        N/A       2%          4
 Slow                     Hex            44%        N/A       6%          1
 Jinxbite                 Hex            22%        N/A       9%          2
 Lesser Beckoning         Tloc           22%        N/A       9%          2
 Confusing Touch          Hex            11%        N/A       19%         3
 Inner Flame              Hex/Fire       11%        N/A       19%         3
 Sigil of Binding         Hex            11%        N/A       19%         3
 Swiftness                Air            11%        N/A       19%         3
 Vampiric Draining        Necr           11%        2d6       19%         3
 Airstrike                Air            5%         2d(1-17)  52%         4
 Dispel Undead            Necr           11%        3d9       52%         4
 Manifold Assault         Tloc           11%        N/A       52%         4
 Silence                  Hex/Air        5%         N/A       86%         5
 Lehudib's Crystal Spear  Conj/Erth      39%        10d10     92%         8
 Haunt                    Necr/Summ      5%         N/A       100%        7
 Borgnjor's Revivificati  Necr           5%         N/A       100%        8
 Disjunction              Tloc           5%         N/A       100%        8
 Death's Door             Necr           5%         N/A       100%        9


Dungeon Overview and Level Annotations

Branches:
Dungeon (10/15) Zot: 26599  Temple (1/1) D:6 Zot: 5948    Lair (5/5) D:8 Zot: 23720
  Swamp (0/4) Lair:2        Snake (0/4) Lair:2          Orc (1/2) D:10 Zot: 5980
  Slime: Lair:4-5

Altars:
Ashenzari
Cheibriados
Dithmenos
Elyvilon
Fedhas
Gozag
Hepliaklqana
Kikubaaqudgha
Makhleb
Nemelex Xobeh
Okawaru
Qazlal
Ru
Sif Muna
Trog
Uskayaw
Vehumet
Wu Jian
Xom
Yredelemnul
The Shining One

Shops:
D:2 *   D:8 *

Annotations:
D:7 3 runed translucent doors, edsrzf's ghost, novice CoGl
Lair:4 2 transporters


Innate Abilities, Weirdness & Mutations

You are immune to sickness and miasma.
Your stone body is resilient. (AC +9)
You are immune to poison.
You resist negative energy. (rN+)
You are resistant to electric shocks. (rElec)
You are resistant to unholy torment.
You are immune to petrification.


Message History

You take 1 HP, and have [40/82] HP; You lose 3MP, and have [21/27] MP
Casting: Stone Arrow (safe; 1% risk of failure)
Confirm with . or Enter, or press ? or * to list all spells.
Aiming: Stone Arrow (safe; 1% risk of failure)
Press: ? - help, Shift-Dir - straight line, f/p - elephant
Aim: an elephant (severely wounded, 100% to hit)
You feel a surge of power!
The stone arrow hits the elephant!!
The elephant is almost dead.
The black mamba barely misses you. The elephant tramples you.
You hold your ground!
The elephant misses you. The black mamba closely misses you.
The elephant tramples you.
You hold your ground!
The elephant trunk-slaps you but does no damage.
Your scorpion barely misses the black mamba.
Your scorpion closely misses the black mamba.
You take 6 HP, and have [34/82] HP; You lose 3MP, and have [18/27] MP
Casting: Stone Arrow (safe; 1% risk of failure)
Confirm with . or Enter, or press ? or * to list all spells.
Aiming: Stone Arrow (safe; 1% risk of failure)
Press: ? - help, Shift-Dir - straight line, f/p - elephant
Aim: an elephant (almost dead, 100% to hit)
Okay, then.
Casting: Stone Arrow (safe; 1% risk of failure)
Confirm with . or Enter, or press ? or * to list all spells.
Aiming: Sandblast (safe; 0% risk of failure)
Press: ? - help, Shift-Dir - straight line, f/p - elephant
Aim: an elephant (almost dead, 100% to hit)
The blast of sand hits the elephant but does no damage.
The elephant is almost dead.
The black mamba bites you! x2
* * * LOW HITPOINT WARNING * * *
The elephant tramples you but does no damage.
The elephant trunk-slaps you but does no damage.
Your scorpion closely misses the black mamba.
Your scorpion stings the black mamba.
The elephant tramples you.
* * * LOW HITPOINT WARNING * * *
You hold your ground!
The elephant trunk-slaps you.
* * * LOW HITPOINT WARNING * * *
The black mamba bites you!
You die...

... .#. ..P
.Y. ... ♣...
... ♣... ..
♣♣...♣♣♣♣♣ ..
.........♣ ..
..Y......♣ ..
#######..♣ .
#...@.#Y.♣
#.sSYY#..♣
#.s...#..♣
#⌠...⌠#..♣
♣..##'''##..♣
♣...........♣
♣...........♣
♣♣♣♣♣♣♣♣♣♣♣♣♣


You could see 2 elephants, a black mamba (ally target) and 2 friendly scorpions.

Vanquished Creatures
  7 hydras
  A lindwurm (Lair:3)
  7 elephants
  2 black mambas
  2 rime drakes
  12 cane toads
  5 komodo dragons
  A wind drake (Lair:4)
  3 hornets
  A polar bear (Lair:3)
  Prince Ribbit (D:6)
  24 blink frogs
  A tyrant leech (Lair:2)
  7 dream sheep (Lair:4)
  Eustachio (D:5)
  4 wyverns
  20 yaks
  3 basilisks
  6 steam dragons
  2 swamp worms (Lair:2)
  2 nagas (Lair:2)
  Duvessa (D:5)
  20 water moccasins
  A sky beast (D:7)
  3 orc warriors
  An ice beast (D:5)
  An ogre (D:4)
  13 wolves
  3 centaurs
  A kobold brigand (D:8)
  9 bullfrogs
  Blork the orc (D:5)
  A gnoll sergeant (D:6)
  6 scorpions
  4 wights (D:9)
  Dowan (D:5)
  6 killer bees (D:9)
  2 howler monkeys
  A jelly (D:5)
  2 gnoll boudas (D:9)
  5 orc priests
  4 hounds
  A sleepcap (D:7)
  3 iguanas
  8 orc wizards
  A statue (D:4)
  11 adders
  12 gnolls
  A shadow imp (D:5)
  2 white imps
  2 ufetubi (D:4)
  5 dart slugs
  3 ribbon worms
  27 orcs
  5 ball pythons (D:1)
  4 bats
  6 endoplasms
  2 giant cockroaches (D:3)
  7 goblins
  6 hobgoblins
  2 jackals (D:2)
  11 kobolds
  3 quokkas
  5 frilled lizards
  8 rats
333 creatures vanquished.

Notes
Turn   | Place    | Note
-------+----------+-------------------------------------------
     0 | D:1      | Xayden the Gargoyle Earth Elementalist began the quest for
                  | the Orb.
     0 | D:1      | Reached XP level 1. HP: 10/10 MP: 3/3
    85 | D:1      | Reached skill level 4 in Earth Magic
   106 | D:1      | Reached XP level 2. HP: 15/15 MP: 3/5
   594 | D:1      | Reached XP level 3. HP: 19/19 MP: 2/6
   667 | D:1      | Found a faded altar of an unknown god.
   675 | D:1      | Reached skill level 5 in Earth Magic
  1148 | D:2      | Found Rant's Assorted Antiques.
  1153 | D:2      | Bought a scroll labelled VEBBOU TEBYPOO for 28 gold pieces
  1153 | D:2      | Bought a glowing dark potion for 25 gold pieces
  1477 | D:2      | Reached XP level 4. HP: 23/24 MP: 4/7
  1773 | D:3      | Reached skill level 6 in Earth Magic
  2352 | D:4      | Reached XP level 5. HP: 28/28 MP: 3/8
  2461 | D:4      | Reached skill level 7 in Earth Magic
  2522 | D:4      | Found a shimmering altar of Xom.
  2582 | D:4      | You fall into a shaft and drop 2 floors!
  2585 | D:5      | Entered Level 5 of the Dungeon
  2598 | D:5      | Noticed Duvessa
  2719 | D:6      | Found a staircase to the Ecumenical Temple.
  2731 | Temple   | Entered the Ecumenical Temple
  2757 | Temple   | Became a worshipper of Sif Muna the Loreminder
  2837 | D:6      | Reached XP level 6. HP: 32/32 MP: 6/9
  2932 | D:6      | Noticed Prince Ribbit
  2937 | D:6      | Killed Prince Ribbit
  2938 | D:6      | Reached skill level 8 in Earth Magic
  2938 | D:6      | Reached XP level 7. HP: 25/36 MP: 5/10
  3046 | D:6      | Reached skill level 9 in Earth Magic
  3097 | D:6      | Found a sparkling altar of Nemelex Xobeh.
  3280 | D:6      | Found a snail-covered altar of Cheibriados.
  3565 | D:6      | Found a burning altar of Makhleb.
  3824 | D:5      | Noticed Dowan
  3878 | D:5      | Found an iron altar of Okawaru.
  3881 | D:5      | Reached skill level 10 in Earth Magic
  3881 | D:5      | Reached XP level 8. HP: 41/41 MP: 9/11
  3952 | D:5      | Identified the +5 ring mail of the Jabberwock {rElec rCorr}
  3983 | D:5      | Noticed Blork the orc
  3989 | D:5      | Killed Blork the orc
  3990 | D:5      | Reached skill level 5 in Conjurations
  4005 | D:5      | Learned a level 3 spell: Passwall
  4009 | D:5      | Learned a level 3 spell: Stone Arrow
  4012 | D:5      | Learned a level 2 spell: Blink
  4165 | D:5      | Reached * piety under Sif Muna
  4572 | D:4      | Found a radiant altar of Vehumet.
  5229 | D:5      | Noticed Eustachio
  5237 | D:5      | Killed Eustachio
  5401 | D:5      | Killed Duvessa
  5402 | D:5      | Reached XP level 9. HP: 33/52 MP: 2/12
  5404 | D:5      | Killed Dowan
  5658 | D:5      | You fall into a shaft and drop 2 floors!
  5666 | D:7      | Found an ancient bone altar of Kikubaaqudgha.
  5675 | D:7      | Reached skill level 5 in Fighting
  5925 | D:7      | Found a basalt altar of Yredelemnul.
  5932 | D:7      | Found a runed translucent gate.
  5932 | D:7      | Found a runed translucent gate.
  5933 | D:7      | Found a runed translucent gate.
  5935 | D:7      | Noticed edsrzf's ghost (novice CoGl)
  6431 | D:8      | Reached skill level 10 in Conjurations
  6523 | D:8      | Identified the +4 flail "Babb" {drain, rPois rF++ Int-3
                  | Stlth+}
  6532 | D:8      | Found Dallanorr's General Store.
  6554 | D:8      | Reached skill level 1 in Invocations
  6777 | D:8      | Bought a potion of curing for 36 gold pieces
  6777 | D:8      | Bought a potion of ambrosia for 96 gold pieces
  6777 | D:8      | Bought a scroll of enchant armour for 90 gold pieces
  6777 | D:8      | Bought a scroll of poison for 48 gold pieces
  6965 | D:8      | Found a staircase to the Lair.
  7033 | D:8      | Reached ** piety under Sif Muna
  7280 | D:8      | Noticed a hornet
  7288 | D:8      | Killed a hornet
  7289 | D:8      | Reached XP level 10. HP: 59/59 MP: 4/16
  7393 | D:8      | Found a stormy altar of Qazlal.
  7572 | D:9      | Found a hazy altar of Hepliaklqana.
  7573 | D:9      | Found a hide-covered altar of Uskayaw.
  7815 | D:9      | Reached skill level 5 in Spellcasting
  8288 | D:9      | Noticed a cyclops
  8477 | D:9      | Reached skill level 5 in Invocations
  8747 | D:10     | Entered Level 10 of the Dungeon
  8866 | D:10     | Found a staircase to the Orcish Mines.
  8928 | Orc:1    | Entered Level 1 of the Orcish Mines
  8931 | Orc:1    | Reached *** piety under Sif Muna
  8937 | Orc:1    | Noticed an orc high priest
  9039 | D:10     | Noticed a boulder beetle
  9162 | Lair:1   | Entered Level 1 of the Lair of Beasts
  9312 | Lair:1   | Reached XP level 11. HP: 34/63 MP: 12/22
 10508 | Lair:2   | Found a staircase to the Snake Pit.
 10736 | Lair:2   | Reached skill level 10 in Spellcasting
 10761 | Lair:2   | Reached **** piety under Sif Muna
 10889 | Lair:2   | Noticed a five-headed hydra
 10899 | Lair:2   | Killed a five-headed hydra
 10931 | Lair:2   | Noticed a six-headed hydra
 10943 | Lair:2   | Killed a six-headed hydra
 10992 | Lair:2   | Reached skill level 10 in Invocations
 11042 | Lair:2   | Reached XP level 12. HP: 68/68 MP: 23/26
 11428 | Lair:2   | Reached skill level 11 in Earth Magic
 11682 | Lair:2   | Found a staircase to the Swamp.
 12328 | Lair:3   | Noticed a six-headed hydra
 12337 | Lair:3   | Killed a six-headed hydra
 12493 | Lair:3   | Reached skill level 5 in Stealth
 12498 | Lair:3   | Reached skill level 12 in Earth Magic
 12963 | Lair:3   | Reached skill level 13 in Earth Magic
 12974 | Lair:3   | Reached ***** piety under Sif Muna
 13124 | Lair:3   | Identified the staff of Xaddask {Fly SInv Stlth+ Conj}
 13404 | Lair:4   | Noticed an eight-headed hydra
 13411 | Lair:3   | Reached XP level 13. HP: 59/78 MP: 19/27
 13469 | Lair:4   | Found a transporter.
 13637 | Lair:4   | Got the Cyclopedia of Portents
 13735 | Lair:4   | Found a transporter.
 13752 | Lair:4   | Reached skill level 14 in Earth Magic
 14262 | Lair:4   | Received a gift from Sif Muna
 14263 | Lair:4   | Got Sif Muna's Information on Hurtful Relocation {god gift}
 14369 | Lair:5   | Entered Level 5 of the Lair of Beasts
 14881 | Lair:5   | Reached skill level 15 in Earth Magic
 15105 | Lair:5   | Reached skill level 10 in Fighting
 15234 | Lair:5   | Mangled by a black mamba

Illustrated notes

Levels and vault maps discovered:
D:1:      dpeg_arrival_arbitrary_c, layout_basic, ebering_ecumenical_altar_box,
          nicolae_grassy_gnolls
D:2:      layout_basic, serial_shops, shop
D:3:      layout_rooms
D:4:      layout_layer_cave, mainiacjoe_overflow_surrounded_room, vehumet_statue
D:5:      minmay_general_purpose_star, layout_rooms, okawaru_ov_weapons_minmay,
          minmay_manual_monstrance, uniq_eustachio, uniq_duvessa,
          uniq_blork_the_orc
D:6:      layout_basic, mainiacjoe_overflow_alcove_4,
          mainiacjoe_overflow_chevrons, mainiacjoe_overflow_boulevard,
          minmay_temple_entry_proselytizer, uniq_prince_ribbit1
D:7:      layout_basic, yredelemnul_altar_generic, kiku_gazebo_pond_becter,
          gammafunk_ghost_necromancy
D:8:      layout_cave_pools, nicolae_qazlal_eye_of_the_storm, lair_entry_dummy,
          serial_shops, shop
D:9:      layout_loops_ring, mainiacjoe_overflow_small_starburst,
          general_overflow_altar
D:10:     minmay_blocky_corners, layout_gridville, zin_statuary, orc_0_dummy,
          hangedman_decor_diamond_cutter, minivault_25, minmay_variable_closet,
          uniq_erolcha, uniq_nergalle
Temple:   jpeg_temple_alley_garden
Lair:1:   layout_loops_ring, serial_bayou_pond_c
Lair:2:   layout_cave_pods, palyth_hydra_swamp_entry,
          guppyfry_snake_entry_garden, beast_lair_carwin_1
Lair:3:   layout_roguey, grunt_megastairs_5
Lair:4:   gammafunk_worm_tunnel, layout_cave_shapes, fungi_pond_lemuel,
          infiniplex_staircase_pool
Lair:5:   gammafunk_lair_ancient_temple, layout_misc_corridors, slime_entry_1,
          bh_autumn_forest_stairs
Orc:1:    layout_caves

Skill      XL: |  1  2  3  4  5  6  7  8  9 10 11 12 13 |
---------------+----------------------------------------+-----
Earth Magic    | 4 5 6 7 8 10 13 15 | 15.0
Conjurations   | 2 4 7 10 | 10.2
Fighting       | 4 5 8 10 | 10.0
Invocations    | 2 6 10 | 10.0
Spellcasting   | 4 7 10 | 10.0
Stealth        | 5 6 |  6.0
Dodging        | |  1.5

Action                     |  1- 3 |  4- 6 |  7- 9 | 10-12 | 13-15 || total
---------------------------+-------+-------+-------+-------+-------++-------
  Melee: Unarmed           |       |     5 |       |       |       ||     5
         Dagger            |       |       |     8 |       |       ||     8
         Short sword       |       |       |       |     5 |       ||     5
         Staff             |       |       |       |       |     1 ||     1
   Cast: Sandblast         |    42 |    57 |   158 |   351 |   102 ||   710
         Stone Arrow       |       |       |    13 |    34 |    34 ||    81
  Evoke: Wand              |       |       |       |     1 |       ||     1
         Sack of spiders   |       |       |       |       |     1 ||     1
    Use: Scroll            |       |     1 |       |       |     1 ||     2
 Armour: Robe              |     7 |    20 |    54 |       |       ||    81
         Steam dragon scal |       |       |    35 |   260 |   139 ||   434
  Dodge: Dodged            |     7 |    11 |    86 |   387 |   143 ||   634

Table legend: (Time is in decaauts)
 A = Elapsed time spent in this place.
 B = Non-inter-level travel time spent in this place.
 C = Inter-level travel time spent in this place.
 D = Time resting spent in this place.
 E = Time spent auto-exploring this place.
 F = Levels seen in this place.
 G = Mean time per level.
                   A        B        C        D        E       F      G
               +--------+--------+--------+--------+--------+-----+--------+
         Total |  15601 |  14917 |    684 |     82 |  12255 |  17 |  917.7 |
       Dungeon |   9253 |   8808 |    445 |     33 |   7344 |  10 |  925.3 |
        Temple |     51 |      2 |     49 |      0 |      0 |   1 |   51.0 |
          Lair |   6277 |   6087 |    190 |     49 |   4911 |   5 | 1255.4 |
  Orcish Mines |     19 |     19 |      0 |      0 |      0 |   1 |   19.0 |
               +--------+--------+--------+--------+--------+-----+--------+

Top non-repeatable levels by time:
  Lair:2: 1902 daAuts
  Lair:4: 1598 daAuts
  Lair:3: 1328 daAuts
     D:9: 1311 daAuts
  Lair:1: 1215 daAuts
     D:4: 1208 daAuts
     D:6: 1190 daAuts
     D:5: 979 daAuts
     D:8: 962 daAuts
     D:7: 949 daAuts
     D:1: 855 daAuts
     D:2: 843 daAuts
     D:3: 619 daAuts
    D:10: 332 daAuts
  Lair:5: 233 daAuts
